[Event "15th Paleochora Open 2022"]
[Site "Paleochora"]
[Date "2022.07.21"]
[Round "6.2"]
[White "Yilmaz, Mustafa"]
[Black "Barp, Alberto"]
[Result "1/2-1/2"]
[ECO "E05"]
[WhiteElo "2634"]
[BlackElo "2423"]
[Annotator "TA"]
[PlyCount "82"]
[EventDate "2022.07.17"]
[EventType "swiss"]
[EventCountry "GRE"]
[SourceTitle "playchess.com"]
[Source "ChessBase"]
[SourceQuality "1"]
[TimeControl "40/5400+30:900+30"]

1. c4 Nf6 2. g3 e6 3. Bg2 d5 4. Nf3 Be7 5. d4 O-O 6. O-O dxc4 7. Qc2 a6 8. Qxc4 b5 9. Qc2 Bb7 10. Bd2 Be4 11. Qc1 c6 {E05: Open Catalan: 5 Nf3 Be7.} 12. a4 Nbd7 13. Nc3 Bg6 14. Ne5 Nxe5 15. dxe5 Nd5 16. axb5 axb5 17. Nxd5 cxd5 18. Rxa8 Qxa8 19. Qc7 {[#]} Bd8 $146 ({Predecessor:} 19... Re8 20. Rc1 b4 21. Bf3 h6 22. Kg2 b3 23. Qd7 Bc2 24. Ra1 Qc8 25. Qa4 Qb8 {½-½ (63) Giri,A (2768)-Kramnik,V (2769) London 2014}) 20. Qd6 Qb7 {White must now prevent ...Be7.} 21. Rc1 Bb6 22. Rc6 Bd4 23. Rc7 (23. Bc3 $1 $11 Bxc3 24. bxc3) 23... Qa8 $1 $17 24. Bf3 Bxb2 {...Qa1+ is the strong threat.} 25. Bb4 {[#]} (25. Kg2 $142) 25... Rc8 (25... Qa1+ $142 $1 26. Kg2 Ra8) 26. Kg2 (26. Rxc8+ $17 Qxc8 27. Bc5) 26... Rxc7 27. Qxc7 h5 28. Bd6 {[#]} Kh7 (28... Bd4 $1 $17 {And now ...Kh7 would win.} 29. e3 Bb2) 29. Bxh5 $1 $11 {The position is equal.} Bxh5 30. Qc2+ Kg8 31. Qxb2 {[%mdl 4096] Endgame KQB-KQB} d4+ 32. f3 Qd5 33. Qa3 Bg6 34. Qc5 Qa2 35. Qxd4 ({Of course not} 35. Qxb5 Qc2 36. g4 d3 $17) 35... Qxe2+ 36. Qf2 Qd1 37. Qb6 Qe2+ 38. Qf2 Qd1 39. Qb6 Kh7 40. g4 Bd3 41. Qg1 Qxg1+ {Weighted Error Value: White=0.12 (very precise) /Black=0.09 (flawless)} 1/2-1/2

[Event "15th Paleochora Open 2022"]
[Site "Paleochora"]
[Date "2022.07.21"]
[Round "6.3"]
[White "Maltsevskaya, Aleksandra"]
[Black "Ali Marandi, Cemil Can"]
[Result "0-1"]
[ECO "C88"]
[WhiteElo "2378"]
[BlackElo "2561"]
[Annotator "TA"]
[PlyCount "94"]
[EventDate "2022.07.17"]
[EventType "swiss"]
[EventCountry "GRE"]
[SourceTitle "playchess.com"]
[Source "ChessBase"]
[SourceQuality "1"]
[TimeControl "40/5400+30:900+30"]

1. e4 e5 2. Nf3 Nc6 3. Bb5 a6 4. Ba4 Nf6 5. O-O Be7 6. Re1 b5 7. Bb3 O-O 8. h3 Bb7 9. c3 d5 10. exd5 Nxd5 11. d4 {C88: Closed Ruy Lopez: Anti-Marshall Systems.} exd4 12. cxd4 {12.cxd4 is better than 12.Nxd4.} Na5 13. Bxd5 {The position is equal.} Bxd5 14. Nc3 Bb7 15. Bf4 Nc4 16. b3 Nb6 17. Ne4 {[#]} Re8 $146 ({Predecessor:} 17... Nd5 18. Bg5 f6 19. Bd2 Nb4 20. a3 Bxe4 21. Rxe4 Nd5 22. b4 Qd7 23. Qe2 Bd6 {0-1 (87) Salonen,J (1950)-Pesonen,S (2253) ICCF email 2011}) 18. Rc1 Nd5 19. Bg5 f6 20. Bd2 Ba3 21. Rb1 {[#] White does not recover from this.} (21. Ra1 $15) 21... Rxe4 $1 $19 22. Rxe4 {[#]} Nc3 $36 {[%mdl 2624] Prevents Qe2. Discovered Attack. Black is on the roll.} 23. Bxc3 Bxe4 {A strong pair of Bishops.} 24. Ra1 b4 $1 25. Nd2 {[#]} Bd3 (25... bxc3 26. Nxe4 f5 27. Ng3 $17 (27. Nxc3 Bb2 $17)) 26. Nf3 {[#]} Bg6 ({Not} 26... bxc3 27. Qxd3 Bb2 28. Qc4+ Kf8 29. Re1 $14) 27. Bd2 Bb2 28. Rb1 (28. Bxb4 $142 Qd5 29. Bc5) 28... Bxb1 29. Qxb1 Bxd4 30. Bxb4 c5 31. Bd2 Qd7 32. Qc2 Re8 33. b4 Qd5 {Strongly threatening ...Re2.} 34. Qa4 (34. Nxd4 $142 cxd4 35. Qd3) 34... Re6 ({But not} 34... Re2 $2 35. Be3 h6 36. bxc5 Bxe3 37. fxe3 $19) 35. bxc5 Bxc5 36. Qa5 Qd6 ({Don't go for} 36... Re2 $2 37. Qxa6 Bxf2+ 38. Kf1 Rxd2 39. Nxd2 Qxd2 40. Qe6+ Kf8 41. Qe2 Qxe2+ 42. Kxe2) 37. Qc3 Qb6 38. Be1 Kh8 39. Qc4 Re8 40. Qd5 a5 41. a3 $2 (41. Qc4) 41... Rd8 {Black is clearly winning.} 42. Qf5 a4 43. g4 Bxa3 44. Ba5 Rd1+ 45. Kg2 Qc6 46. g5 Rd5 47. Qe4 f5 {Weighted Error Value: White=0.43/Black=0.06 (flawless)} 0-1

[Event "15th Paleochora Open 2022"]
[Site "Paleochora"]
[Date "2022.07.21"]
[Round "6.4"]
[White "Meshkovs, Nikita"]
[Black "Godzwon, Iwo"]
[Result "1-0"]
[ECO "A54"]
[WhiteElo "2535"]
[BlackElo "2336"]
[Annotator "TA"]
[PlyCount "103"]
[EventDate "2022.07.17"]
[EventType "swiss"]
[EventCountry "GRE"]
[SourceTitle "playchess.com"]
[Source "ChessBase"]
[SourceQuality "1"]
[TimeControl "40/5400+30:900+30"]

1. c4 Nf6 2. Nc3 e5 3. Nf3 Nc6 4. g3 Be7 5. Bg2 O-O 6. O-O Re8 7. d4 exd4 8. Nxd4 Nxd4 9. Qxd4 c6 10. b3 d6 11. Bb2 {A54: Old Indian Defence with Nf3, but without e4.} Be6 12. Rad1 {[#]} Qa5 $146 ({Predecessor:} 12... Bf8 13. e3 Qa5 14. h3 Rad8 15. a3 d5 16. b4 Qa6 17. c5 b6 18. cxb6 axb6 {½-½ (49) Korovin,M (2311)-Gurvich,V (2280) Moscow 2018}) 13. e4 {White is slightly better.} Qh5 14. f3 Red8 15. Kh1 Bh3 16. Rd2 Bxg2+ 17. Kxg2 Ne8 18. Qd3 {White is more active.} Bf6 19. Rfd1 Nc7 20. Qe3 Qc5 21. Qxc5 dxc5 22. Rxd8+ Rxd8 23. Rxd8+ Bxd8 $16 {[%mdl 4096] Endgame KBN-KBN} 24. f4 b5 25. Kf3 f6 26. f5 Be7 27. Nd1 Na8 (27... bxc4 $14 28. bxc4 Na8) 28. e5 (28. cxb5 $16 cxb5 29. Ne3) 28... fxe5 29. cxb5 (29. Bxe5 bxc4 30. bxc4 Nb6 $14) 29... cxb5 30. Ke4 Nb6 {[#]} 31. Nc3 $1 (31. Kxe5 $6 Kf7 $14) (31. Bxe5 $6 Nd7 $14) 31... a6 {[#]} 32. Nd5 $1 (32. Kxe5 Bf6+ 33. Kd6 c4 $14) 32... Nc8 (32... Nxd5 $16 33. Kxd5 Kf7) 33. Nxe7+ $18 ({Don't do} 33. Kxe5 $6 Kf7 $16) (33. Bxe5 $6 Bd6 34. g4 Kf7 35. Bxd6 Nxd6+ 36. Ke5 Ne8) 33... Nxe7 34. Bxe5 {KB-KN} ({Weaker is} 34. Kxe5 Kf7 $16) 34... c4 35. bxc4 bxc4 36. Bd6 Kf7 37. a4 {Bxe7 is the strong threat.} h5 38. Bxe7 (38. Be5 $16) 38... Kxe7 $16 {KP-KP} 39. Kd4 Kf6 40. Kxc4 {Kb4 would kill now.} Kxf5 $11 {Strongly threatening ...Kg4. K3P-K3P} 41. Kc5 (41. Kb4 $5 Kg4 42. Ka5 $14) 41... Kg4 {( -> ...Kh3)} 42. Kb6 {Intending a5 and mate.} Kh3 43. Kxa6 Kxh2 {KPP-KPP} 44. a5 {White threatens Kb5 and mate.} g5 $1 (44... Kxg3 {gets mated.} 45. Kb5 g5 46. a6 g4 47. a7 Kf2 48. a8=Q g3 49. Qf8+ Kg2 50. Qh8) 45. Kb5 {White wants to mate with a6.} g4 $2 {[%mdl 8192] This costs Black the game.} (45... h4 $14 46. gxh4 gxh4) 46. a6 {White mates.} h4 47. a7 Kxg3 48. a8=Q h3 49. Qh1 h2 50. Kc4 Kh3 51. Kd3 g3 52. Qf3 {Weighted Error Value: White=0.07 (flawless) /Black=0.30} 1-0

[Event "15th Paleochora Open 2022"]
[Site "Paleochora"]
[Date "2022.07.21"]
[Round "6.5"]
[White "Naoum, Spyridon"]
[Black "Stremavicius, Titas"]
[Result "0-1"]
[ECO "D37"]
[WhiteElo "2346"]
[BlackElo "2532"]
[Annotator "TA"]
[PlyCount "124"]
[EventDate "2022.07.17"]
[EventType "swiss"]
[EventCountry "GRE"]
[SourceTitle "playchess.com"]
[Source "ChessBase"]
[SourceQuality "1"]
[TimeControl "40/5400+30:900+30"]

1. d4 d5 2. c4 e6 3. Nf3 Nf6 4. Nc3 Nbd7 5. Bf4 dxc4 6. e3 {D37: Queen's Gambit Declined: 5 Bf4.} b5 7. Nxb5 Bb4+ 8. Nc3 {White has an edge.} Nd5 9. a3 (9. Bxc4 Nxc3 10. bxc3 Bxc3+ 11. Ke2 Bxa1 12. Qxa1 O-O $15) 9... Nxc3 10. Qd2 {[%mdl 64] [#] Pin} Ne2 11. axb4 Nxf4 12. exf4 Bb7 13. Be2 O-O 14. O-O Nb6 15. Ne5 Qd6 16. Rfd1 ({Inferior is} 16. Bxc4 f6 17. b3 fxe5 18. fxe5 Qd7 $19) 16... Rfb8 17. Ra5 {[#]} ({Much worse is} 17. Bxc4 f6 18. f5 fxe5 $15) 17... Bd5 $146 ({Predecessor:} 17... a6 18. Rc5 Bd5 19. Nxc4 Bxc4 20. Bxc4 Na4 21. f5 Nxc5 22. bxc5 Qc6 23. fxe6 fxe6 {1-0 (52) Sarana,A (2685)-Ivanisevic,I (2601) Belgrade 2022}) 18. Rda1 f6 19. Ng4 Nc8 20. Rc5 c6 21. f5 exf5 22. Ne3 f4 23. Nxc4 Qe6 24. Bf1 Nd6 25. Nxd6 Qxd6 26. Qc3 Rd8 27. Bc4 Bxc4 28. Qxc4+ Kh8 29. Rd1 Rab8 30. Rxc6 Qxb4 31. Qxb4 Rxb4 $11 {[%mdl 4096] Endgame KRR-KRR} 32. Rd2 Kg8 33. d5 Rd7 34. Kf1 Re4 35. d6 Kf7 36. Ra6 Ke6 37. Re2 Re5 38. h4 Rb7 39. Rd2 {[#] Hoping for d7+.} Kd7 40. Ra4 g5 41. Ra6 h6 42. Rd1 Reb5 43. Re1 R5b6 44. Rxa7 Rxa7 45. Re7+ Kxd6 46. Rxa7 Rxb2 {KR-KR} 47. Rh7 Rb1+ 48. Ke2 g4 {...Rg1 is the strong threat.} 49. Rxh6 Ke5 50. Rh5+ f5 {[%cal Bf6f5,Bf5f4][%mdl 32] White must now prevent ...Rg1.} 51. Rh8 Rg1 52. h5 $2 {[%mdl 8192] Loses the game.} (52. Ra8 $15) 52... Rxg2 $19 {Threatens to win with ...g3.} 53. h6 f3+ ({Weaker is} 53... Rh2 54. h7 Kf6 55. Rf8+ Kg7 56. Rxf5 $11) 54. Ke3 $2 (54. Kf1 Rh2 55. Kg1) 54... f4+ 55. Kd3 Rxf2 56. h7 Rh2 57. Re8+ Kd5 58. h8=Q Rxh8 59. Rxh8 g3 60. Rd8+ Ke6 {( -> ...g2)} 61. Re8+ Kd7 62. Rg8 g2 {Weighted Error Value: White=0.54/Black=0.10 (very precise)} 0-1

[Event "15th Paleochora Open 2022"]
[Site "Paleochora"]
[Date "2022.07.21"]
[Round "6.6"]
[White "Hristodoulou, Panagiotis"]
[Black "Yilmazyerli, Mert"]
[Result "1/2-1/2"]
[ECO "D00"]
[WhiteElo "2330"]
[BlackElo "2520"]
[Annotator "TA"]
[PlyCount "46"]
[EventDate "2022.07.17"]
[EventType "swiss"]
[EventCountry "GRE"]
[SourceTitle "playchess.com"]
[Source "ChessBase"]
[SourceQuality "1"]
[TimeControl "40/5400+30:900+30"]

1. d4 Nf6 2. Nc3 d5 3. Bf4 e6 4. Nb5 Bb4+ 5. c3 Ba5 6. e3 {D00: 1 d4 d5: Unusual lines.} a6 7. Na3 Nbd7 8. Nf3 {The position is equal.} O-O 9. Bd3 c5 10. O-O Bc7 {[#]} 11. Nb1 $146 ({Predecessor:} 11. Bg3 b6 12. c4 Bb7 13. cxd5 exd5 14. b3 Bxg3 15. hxg3 Qe7 16. Nc2 Ne4 17. dxc5 bxc5 18. Bxe4 dxe4 {0-1 (55) Roberson,P (2412)-Cornette,M (2611) Chess.com INT 2018}) 11... Re8 12. Ne5 Nxe5 13. Bxe5 Bxe5 (13... Nd7 {seems wilder.} 14. f4 Nxe5 15. fxe5 Qh4) 14. dxe5 Nd7 ({Much less strong is} 14... Ne4 15. f3 c4 16. Bxe4 (16. fxe4 cxd3 17. Qxd3 Qc7 $11) 16... dxe4 17. Nd2 $14) 15. f4 $1 ({Much worse is} 15. Qh5 g6 16. Qe2 Nxe5 $17) 15... f5 ({Much weaker is} 15... c4 16. Bc2 $15) 16. Qe2 Qb6 17. b3 {Inhibits c4.} Qa5 18. a3 c4 19. bxc4 dxc4 20. Bxc4 Nb6 (20... b5 $11 21. Ba2 Nc5) 21. Ba2 Bd7 22. Nd2 Rac8 23. Nb3 Qb5 {Weighted Error Value: White=0.07 (flawless) /Black=0.14 (very precise)} (23... Qxa3 $14 24. Nd4 Qxc3) 1/2-1/2

[Event "15th Paleochora Open 2022"]
[Site "Paleochora"]
[Date "2022.07.21"]
[Round "6.8"]
[White "David, Alberto"]
[Black "Alexiadis, Hristos"]
[Result "1/2-1/2"]
[ECO "D51"]
[WhiteElo "2534"]
[BlackElo "2283"]
[Annotator "TA"]
[PlyCount "36"]
[EventDate "2022.07.17"]
[EventType "swiss"]
[EventCountry "GRE"]
[SourceTitle "playchess.com"]
[Source "ChessBase"]
[SourceQuality "1"]
[TimeControl "40/5400+30:900+30"]

1. Nf3 d5 2. d4 Nf6 3. c4 c6 4. Nc3 e6 5. Bg5 Nbd7 6. cxd5 cxd5 7. e3 Be7 8. Bd3 O-O 9. O-O b6 10. Nd2 {D51: Queen's Gambit Declined: 4 Bg5 Nbd7 sidelines.} Bb7 11. f4 {[#]} Ne8 $146 ({Predecessor:} 11... g6 12. Rc1 a6 13. g4 Kg7 14. Kh1 h6 15. Bh4 Nh7 16. Bxe7 Qxe7 17. Qb3 Rfc8 {1-0 (56) Ciglian,M (1467)-Valastan,A (1151) Tatralandia 2015}) 12. Qh5 {[%csl Gd3][%cal Rh5h7] [#] White has an edge.} f5 13. Bxe7 Qxe7 14. Nf3 Nd6 15. Rae1 (15. Qh4 $142 Qxh4 16. Nxh4) 15... Rac8 16. g4 {The position is equal.} g6 17. Qg5 Qxg5 18. Nxg5 fxg4 {Weighted Error Value: White=0.14 (very precise) /Black=0.09 (flawless)} 1/2-1/2

[Event "15th Paleochora Open 2022"]
[Site "Paleochora"]
[Date "2022.07.21"]
[Round "6.9"]
[White "Khayrullin, Denis"]
[Black "Bernadskiy, Vitaliy"]
[Result "1-0"]
[ECO "C77"]
[WhiteElo "2361"]
[BlackElo "2610"]
[Annotator "TA"]
[PlyCount "73"]
[EventDate "2022.07.17"]
[EventType "swiss"]
[EventCountry "GRE"]
[SourceTitle "playchess.com"]
[Source "ChessBase"]
[SourceQuality "1"]
[TimeControl "40/5400+30:900+30"]

1. e4 e5 2. Nf3 Nc6 3. Bb5 a6 4. Ba4 Nf6 5. d3 d6 6. c3 Be7 7. O-O O-O 8. Nbd2 Re8 9. Re1 Bf8 10. Nf1 h6 11. Ng3 b5 {C77: Ruy Lopez: 3...a6 4 Ba4 Nf6, unusual lines.} 12. Bc2 d5 13. d4 Bg4 {The position is equal.} 14. exd5 Qxd5 {White must now prevent ...exd4.} 15. Bb3 Qd7 {Hoping for ...exd4.} 16. h3 Bxf3 17. Qxf3 {aiming for dxe5.} exd4 18. Bxh6 {[#]} Rad8 $146 (18... dxc3 $11 {keeps the balance.} 19. bxc3 Rab8) ({Predecessor:} 18... Na5 19. Bc2 d3 20. Bxd3 gxh6 21. b4 Nc6 22. Qxf6 Bg7 23. Nh5 Bh8 24. Bc2 Re6 25. Rxe6 Qxe6 26. Qxe6 fxe6 27. Be4 Bxc3 28. Rc1 {1-0 (29) Volokitin,A (2639)-Vavulin,M (2583) Batumi 2018}) 19. Bg5 $16 {Black is on the road to losing.} Ne5 {[#]} (19... Rxe1+ $16 20. Rxe1 Re8 21. Rxe8 Nxe8) 20. Rxe5 $1 $18 Rxe5 21. Bxf6 gxf6 22. cxd4 (22. Qxf6 Bg7 23. Qxa6 (23. Bxf7+ $2 Kf8 $19) 23... d3 $17) 22... Rg5 23. h4 (23. Qxf6 $6 Rxg3 24. fxg3 Qxd4+ 25. Qxd4 Rxd4 $14) 23... Rg6 {[#]} 24. Nf5 $1 {Threatens to win with Qh5.} c5 $2 {[#]} (24... Rh6 25. Qg4+ Kh8 26. Nxh6 Bxh6) 25. dxc5 $1 Bxc5 26. Rd1 ({Resist} 26. Qh5 Bxf2+ 27. Kh1 Rg7 $18) 26... Qe8 27. Rxd8 Qxd8 28. h5 ({Don't play} 28. Qh5 Kf8 $18) 28... Rg5 29. Nh6+ Kg7 30. Nxf7 Qd2 31. Nxg5 {Dancing on a razor blade.} ({Don't take} 31. h6+ $6 Kg6 $18) 31... Qxg5 {[%mdl 4096] Endgame KQB-KQB} 32. g3 Kh6 33. Kg2 Bf8 (33... Qxh5 $142 34. Qxf6+ Qg6) 34. Bc2 Bg7 35. Qd3 f5 36. b3 Kxh5 $2 (36... Qf6 37. Qd5 f4) 37. Qxf5 $2 {Weighted Error Value: White=0.11 (very precise) /Black=0.48} (37. f4 Qf6 38. Qd7) 1-0

[Event "15th Paleochora Open 2022"]
[Site "Paleochora"]
[Date "2022.07.21"]
[Round "6.10"]
[White "Banikas, Hristos"]
[Black "Giannoulakis, Lampros"]
[Result "1-0"]
[ECO "E85"]
[WhiteElo "2598"]
[BlackElo "2346"]
[Annotator "TA"]
[PlyCount "79"]
[EventDate "2022.07.17"]
[EventType "swiss"]
[EventCountry "GRE"]
[SourceTitle "playchess.com"]
[Source "ChessBase"]
[SourceQuality "1"]
[TimeControl "40/5400+30:900+30"]

1. d4 Nf6 2. c4 g6 3. Nc3 Bg7 4. e4 d6 5. f3 Nfd7 6. Be3 O-O 7. Qd2 e5 8. Nge2 Nc6 9. d5 Ne7 10. g4 f5 11. Rg1 $5 {[%mdl 4] White is more active. Leaves trodden paths. E85: King's Indian: Sämisch: 6...e5.} Nf6 12. h3 {[#]} Bd7 $146 (12... a6 $14) ({Predecessor:} 12... f4 13. Bf2 Ne8 14. Nc1 c5 15. dxc6 bxc6 16. b4 Be6 17. Nb3 Qc7 18. Rc1 Rd8 {1-0 (41) Aldrete,J (2400)-Trikaliotis,G (2350) Luzern 1982}) 13. O-O-O $1 $16 {White is better.} (13. gxf5 gxf5 14. O-O-O Qe8 $11) 13... f4 14. Bf2 Rf7 15. h4 Bf8 16. Kb1 Qb8 17. Nc1 Nc8 18. Nd3 Nb6 19. c5 Nc4 (19... Na4 $16 {was necessary.}) 20. Qc1 $18 Ne3 (20... Qe8 $16 21. b3 Ne3) 21. Bxe3 fxe3 22. Qxe3 Be7 23. Be2 Qf8 24. Rdf1 Ne8 25. c6 bxc6 26. dxc6 Bxc6 27. Nb4 (27. f4 $18 {is more deadly.}) 27... Bd7 {[#]} 28. Bc4 ({Better is} 28. h5 $1 ) 28... c6 {This costs Black the game.} 29. Nd3 Bd8 (29... Nc7 $142) 30. Rh1 (30. Bxf7+ $6 Qxf7 31. Rh1 Qe7 $18) 30... Bb6 31. Qc1 {Strongly threatening h5.} (31. Bxf7+ Qxf7 32. Qd2 Ba5 $18) 31... Ng7 32. Bxf7+ Qxf7 33. h5 gxh5 34. gxh5 Qc4 35. Qd2 {aiming for h6.} Rb8 $2 (35... Be8 36. h6 Ne6) 36. h6 ({Less strong is} 36. Nxe5 dxe5 37. h6 (37. Qxd7 Bd4 $11) 37... Ne8 $16) 36... Ne6 {[#]} 37. Rc1 (37. Nxe5 $142 $1 dxe5 38. Rfg1+ Bxg1 39. Rxg1+ Kh8 40. Qd6 Rxb2+ 41. Kxb2) 37... Bd4 38. Rc2 {Hoping for Ne2.} ({Not} 38. Nd5 cxd5 39. Rxc4 dxc4 $18) 38... Qa6 (38... Kf8 {keeps fighting.} 39. Ne2 Qa4) 39. Ne2 Bb6 {[#]} 40. Nxe5 $1 {[%mdl 512] Weighted Error Value: White=0.38/Black=0.58} 1-0

[Event "15th Paleochora Open 2022"]
[Site "Paleochora"]
[Date "2022.07.21"]
[Round "6.11"]
[White "Kelires, Andreas"]
[Black "Mitsis, Georgios"]
[Result "1-0"]
[ECO "A14"]
[WhiteElo "2528"]
[BlackElo "2334"]
[Annotator "TA"]
[PlyCount "97"]
[EventDate "2022.07.17"]
[EventType "swiss"]
[EventCountry "GRE"]
[SourceTitle "playchess.com"]
[Source "ChessBase"]
[SourceQuality "1"]
[TimeControl "40/5400+30:900+30"]

1. Nf3 Nf6 2. g3 d5 3. Bg2 e6 4. O-O Be7 5. c4 O-O 6. b3 b6 7. cxd5 Nxd5 8. Bb2 Bb7 9. d4 Nd7 10. Re1 {A14: English Opening: 1...e6 with b3 by White.} N5f6 11. Nbd2 c5 12. e4 {The position is equal.} cxd4 13. e5 Nd5 14. Nxd4 Nc5 {[#]} 15. Nc4 $146 ({Predecessor:} 15. Ne4 Rc8 16. Nb5 Nxe4 17. Bxe4 Bb4 18. Qg4 Bxe1 19. Rxe1 f5 20. exf6 Nxf6 21. Qxe6+ {0-1 (43) Bauer,W (1785)-Walter,T (2116) Bayern 2017}) 15... Qd7 16. Qe2 Rfd8 17. Red1 Rac8 18. h4 Qe8 19. Rac1 Ba6 20. Qg4 Qf8 21. Bf1 Bxc4 (21... h6 $14) 22. Bxc4 $16 a6 23. Qf3 (23. Bxd5 $16 Rxd5 24. b4) 23... b5 $14 24. Bf1 Qe8 25. Bg2 Bf8 26. h5 h6 27. Qe2 Rd7 28. Rd2 Qd8 29. a3 Ne7 30. Rcc2 (30. Rcd1 $5 ) 30... Rcc7 31. Bc3 {[%cal Oc3a5] A strong pair of Bishops.} Nb7 {[#] Against Ba5} (31... Rc8 $1 $11 {remains equal.}) 32. Qd1 {White is much more active.} (32. b4 $1 $16) 32... Nd5 $11 33. Bb2 $36 {[%mdl 2048] White has some pressure.} Na5 (33... Rxc2 $11 {keeps the balance.} 34. Rxc2 (34. Qxc2 Qg5 $11) 34... b4) 34. Qg4 $16 Rxc2 35. Rxc2 {[%cal Od4e6] Black must now prevent Nxe6!} Qb6 36. Be4 {Strongly threatening Nf5.} b4 $2 {A mistake that costs the game.} (36... Rd8 $16) 37. axb4 (37. Nf5 $142 Kh8 38. Nd6) 37... Nxb4 (37... Nb7 {keeps fighting.} 38. Nf5 Kh8) 38. Rc8 $18 {aiming for Nf5.} ({And not} 38. Rd2 Nb7 $11) 38... Nb7 39. Nf5 exf5 40. Qxf5 Rd1+ 41. Kg2 g6 42. hxg6 Qxg6 43. Qf3 Qe6 (43... Nd3 $142) 44. Rxf8+ Kxf8 45. Qxd1 Nc5 46. Qd4 Qb6 47. e6 fxe6 48. Qg7+ Ke8 {[#]} 49. Bf6 $1 {Weighted Error Value: White=0.45/Black=0.54} 1-0

[Event "15th Paleochora Open 2022"]
[Site "Paleochora"]
[Date "2022.07.21"]
[Round "6.12"]
[White "Georgiou, Kostantinos"]
[Black "Yankelevich, Lev"]
[Result "1/2-1/2"]
[ECO "A48"]
[WhiteElo "2259"]
[BlackElo "2496"]
[Annotator "TA"]
[PlyCount "50"]
[EventDate "2022.07.17"]
[EventType "swiss"]
[EventCountry "GRE"]
[SourceTitle "playchess.com"]
[Source "ChessBase"]
[SourceQuality "1"]
[TimeControl "40/5400+30:900+30"]

1. d4 Nf6 2. Nf3 g6 3. Bg5 Bg7 4. Nbd2 O-O 5. c3 d6 6. e4 h6 7. Bh4 c5 $1 {7...c5 is better than 7...Nbd7.} 8. dxc5 dxc5 9. Be2 Nc6 {A48: 1 d4 Nf6 2 Nf3 g6: Torre, London and Colle Systems.} 10. O-O Nh5 11. Nc4 Nf4 {The position is equal.} 12. Qc2 {[#]} Be6 $146 ({Predecessor:} 12... Bg4 13. Ne3 Bxf3 14. Bxf3 Ne5 15. Be2 Nxe2+ 16. Qxe2 Qd3 17. Qxd3 Nxd3 18. Rab1 g5 {1-0 (59) Kamsky,G (2658)-Ragger,M (2647) Germany 2022}) 13. Rfd1 Qc8 14. Ne3 Nd4 15. cxd4 cxd4 16. Qd2 (16. Nxd4 $11 Bxd4 17. Qd2) 16... Nxe2+ 17. Qxe2 dxe3 18. Qxe3 Rd8 (18... Bxb2 {is interesting.} 19. Rab1 Qc2 20. Qxh6 Rfd8) 19. Nd4 Qd7 20. e5 Bd5 21. h3 b6 22. Rd2 Qb7 23. f4 {Inhibits g5.} Re8 24. f5 Be4 25. e6 {[#] Hoping for exf7+.} gxf5 {Weighted Error Value: White=0.09 (flawless) /Black=0.08 (flawless)} 1/2-1/2

[Event "15th Paleochora Open 2022"]
[Site "Paleochora"]
[Date "2022.07.21"]
[Round "6.13"]
[White "Kouskoutis, Georgios-Alexandros"]
[Black "Leniart, Arkadiusz"]
[Result "0-1"]
[ECO "A20"]
[WhiteElo "2292"]
[BlackElo "2473"]
[Annotator "TA"]
[PlyCount "92"]
[EventDate "2022.07.17"]
[EventType "swiss"]
[EventCountry "GRE"]
[SourceTitle "playchess.com"]
[Source "ChessBase"]
[SourceQuality "1"]
[TimeControl "40/5400+30:900+30"]

1. c4 e5 2. g3 c6 3. Bg2 d5 4. cxd5 cxd5 5. d4 e4 6. a3 {A20: English Opening: 1...e5.} Nc6 7. Nc3 Be7 8. f3 {[#] The position is equal.} exf3 $146 ({Predecessor:} 8... f5 9. Nh3 Nf6 10. Bg5 Be6 11. Nf4 Bf7 12. e3 O-O 13. O-O Na5 14. Rf2 Nc4 {0-1 (29) Heinbuch,D (2360)-Zagorskis,D (2485) Berlin 1997}) 9. Nxf3 Nf6 10. Bg5 O-O 11. Bxf6 Bxf6 12. O-O Re8 13. Qd3 a6 14. b4 g6 15. e3 Bf5 16. Qd2 Rc8 17. Kh1 Bg7 18. Ng1 Qg5 (18... a5 $5 ) 19. Rf4 Be6 20. Re1 h5 21. Nh3 Qd8 22. Rff1 g5 {Against Nf4} (22... Bxh3 $11 23. Bxh3 Rc7) 23. Nf2 ({White should play} 23. e4 $14) 23... b6 $11 24. Rc1 Ne7 25. e4 dxe4 26. Nfxe4 Nd5 27. Nxd5 {Pair of Knights!} (27. Nxg5 {is interesting.} Bh6 28. Nxd5 Rxc1 29. Qxc1 Bxd5 30. Rf5) 27... Rxc1 28. Ndf6+ Bxf6 29. Nxf6+ Qxf6 30. Qxc1 Qd8 31. Qc6 Re7 32. Qf3 (32. b5 $11) 32... Rd7 $15 33. Qxh5 Rxd4 34. h3 Kg7 $1 {Prevents Qh6+.} 35. Kh2 Rd2 36. Qf3 {[%mdl 8192] [#]} (36. Re1 $17) 36... Qd4 $1 $19 {White must now prevent ...Bd5. Active counter play!} 37. Rg1 Bd5 ({Stronger than} 37... g4 38. hxg4 Bxg4 39. Qf4 $17) (37... Qe5 $142 38. Qh5 Bd5) 38. Qf5 f6 {And now ...Qb2 would win.} 39. Qd7+ Kg6 {The board is on fire.} 40. Qe8+ Bf7 41. Qa8 (41. Qe7 $17) 41... Qe3 $2 (41... Qe5 {Strongly threatening ...Bd5.} 42. h4 gxh4) 42. Kh1 Kg7 ({Not} 42... Qxa3 43. Qh8 Qe3 44. Rf1) 43. Qf3 {[#]} Qe5 $40 {[%mdl 128] Threatens to win with ...Bd5. Black wants a kill.} 44. g4 $2 (44. Qb7) 44... Bd5 45. Qf5 {[#]} Qg3 $1 46. Qd7+ Kh6 {Weighted Error Value: White=0.59/Black=0.36} 0-1